 Dungeon Crawl Stone Soup version 0.23.0-3-gf3c87f2 (webtiles) character file.

Game seed: 3631888955072551691

5 Monsterracer the Charmwright (level 1, -1/13 HPs)
             Began as a Gargoyle Skald on Feb 20, 2019.
             Slain by a kobold (3 damage)
             ... on level 1 of the Dungeon.
             The game lasted 00:00:26 (194 turns).

Monsterracer the Charmwright (Gargoyle Skald)        Turns: 194, Time: 00:00:26

Health: -1/13      AC:  5    Str: 14    XL:     1   Next: 80%
Magic:  3/3        EV:  8    Int: 13    God:
Gold:   24         SH:  6    Dex:  9    Spells: 3/4 levels left

rFire    . . .     SeeInvis .   a - +0 hand axe
rCold    . . .     Gourm    .   d - +0 shield
rNeg     + . .     Faith    .   b - +0 leather armour
rPois    ∞         Spirit   .   (no helmet)
rElec    +         Reflect  .   (no cloak)
rCorr    .         Harm     .   (no gloves)
MR       .....                  (no boots)
Stlth    +.........             (no amulet)
HPRegen  0.04/turn              (no ring)
MPRegen  0.08/turn              (no ring)

@: no status effects
A: negative energy resistance 1, electricity resistance, unbreathing,
petrification resistance, rot immunity, AC +2
a: no special abilities


You were on level 1 of the Dungeon.
You were not hungry.

You visited 1 branch of the dungeon, and saw 1 of its levels.

You collected 24 gold pieces.

Inventory:

Hand Weapons
 a - a +0 hand axe (weapon)
Armour
 b - a +0 leather armour (worn)
 d - a +0 shield (worn)
   (You found it on level 1 of the Dungeon)
Scrolls
 e - a scroll of fog {unknown}
Comestibles
 c - a ration


   Skills:
 + Level 2.3 Fighting
 * Level 2.0 Axes
 - Level 1.1 Armour
 - Level 1.5 Dodging
 + Level 0.4 Shields
 - Level 2.0 Spellcasting
 - Level 2.6 Charms


You had 3 spell levels left.
You knew the following spells:

 Your Spells              Type           Power        Failure   Level  Hunger
a - Infusion              Chrm           #...         56%         1    ##.....

Your spell library contained the following spells:

 Spells                   Type           Power        Failure   Level  Hunger
 Song of Slaying          Chrm           #.......     71%         2    ###....
 Shroud of Golubria       Chrm/Tloc      #.........   88%         2    ###....
 Regeneration             Chrm/Necr      #.........   98%         3    ####...
 Spectral Weapon          Hex/Chrm       #.......     98%         3    ####...


Dungeon Overview and Level Annotations

Branches:
Dungeon (1/15)

Altars:


Innate Abilities, Weirdness & Mutations

You are resistant to torment.
Your stone body is resilient. (AC +2)
You are immune to poison.
You resist negative energy. (rN+)
You are resistant to electric shocks. (rElec)
You can survive without breathing.
You are immune to petrification.
You are immune to rotting.


Message History

The hobgoblin closely misses you.
A hobgoblin is nearby!
A hobgoblin is nearby!
You barely miss the hobgoblin. The hobgoblin closely misses you.
You closely miss the hobgoblin.
The hobgoblin hits you but does no damage. x2
You completely miss the hobgoblin. You block the hobgoblin's attack.
You hit the hobgoblin but do no damage.
The hobgoblin hits you but does no damage.
You barely miss the hobgoblin. The hobgoblin hits you with a +0 club.
You take 2 damage, and have 10/12 hp.
Your shield prevents you from hitting the hobgoblin.
The hobgoblin hits you but does no damage.
You hit the hobgoblin.
The hobgoblin is moderately wounded.
The hobgoblin hits you but does no damage.
You hit the hobgoblin.
The hobgoblin is severely wounded.
The hobgoblin hits you but does no damage.
You block the hobgoblin's attack.
Your shield prevents you from hitting the hobgoblin.
The hobgoblin is severely wounded.
The hobgoblin closely misses you.
You hit the hobgoblin but do no damage.
The hobgoblin is severely wounded.
The hobgoblin hits you but does no damage.
You hit the hobgoblin.
The hobgoblin is almost dead.
The hobgoblin hits you with a +0 club.
You take 1 damage, and have 9/12 hp.
You hit the hobgoblin.
You kill the hobgoblin!
Your Axes skill increases to level 2!
Found 14 gold pieces.
Things that are here:
a +0 club; a hobgoblin corpse A kobold comes into view.
A kobold is nearby!
The kobold shouts!
You hear a shout!
A goblin comes into view. It is wielding a +0 club.
The goblin shouts!
The kobold hits you.
You take 2 damage, and have 8/12 hp.
You hit the kobold but do no damage. The kobold completely misses you.
You barely miss the kobold. The kobold hits you.
* * * LOW HITPOINT WARNING * * *
You take 2 damage, and have 6/12 hp.
You completely miss the kobold.
The kobold hits you but does no damage. x2
You closely miss the kobold. The kobold hits you but does no damage.
You hit the goblin.
You kill the goblin!
You hit the kobold but do no damage. You block the kobold's attack.
The kobold hits you.
* * * LOW HITPOINT WARNING * * *
You take 2 damage, and have 5/13 hp.
You closely miss the kobold. The kobold barely misses you.
Unknown command.
You hit the kobold.
The kobold is severely wounded.
You block the kobold's attack.
You closely miss the kobold.
The kobold is severely wounded.
The kobold barely misses you. The kobold hits you.
* * * LOW HITPOINT WARNING * * *
You miss the kobold.
The kobold is severely wounded.
The kobold hits you.
* * * LOW HITPOINT WARNING * * *
You take 2 damage, and have 3/13 hp.
You barely miss the kobold.
The kobold is severely wounded.
The kobold hits you but does no damage.
You barely miss the kobold.
The kobold is severely wounded.
The kobold hits you but does no damage. The kobold closely misses you.
You hit the kobold but do no damage.
The kobold is severely wounded.
The kobold hits you but does no damage.
You closely miss the kobold.
The kobold is severely wounded.
The kobold hits you but does no damage.
You miss the kobold.
The kobold is severely wounded.
The kobold hits you.
* * * LOW HITPOINT WARNING * * *
The kobold barely misses you.
You take 1 damage, and have 2/13 hp.
You hit the kobold but do no damage.
The kobold is severely wounded.
The kobold barely misses you.
You miss the kobold.
The kobold is severely wounded.
You block the kobold's attack.
You closely miss the kobold.
The kobold is severely wounded.
The kobold hits you but does no damage.
You barely miss the kobold.
The kobold is severely wounded.
The kobold hits you but does no damage. The kobold hits you.
You die...

#.# #.#####.
#.# #..$....
#.# ####...
#.# #..#
#.#######..#
#......##..#
######.##).#
#........#
#.##.###@# #
#.# #K#
#........#
#.............
#.####.#####.#
#. #.# .. ..#
... .##


You could see a kobold.

Vanquished Creatures
  A bat (D:1)
  A goblin (D:1)
  A hobgoblin (D:1)
  2 rats (D:1)
5 creatures vanquished.

Notes
Turn   | Place    | Note
-------+----------+-------------------------------------------
     0 | D:1      | Monsterracer the Gargoyle Skald began the quest for the
                  | Orb.
     0 | D:1      | Reached XP level 1. HP: 12/12 MP: 3/3
   176 | D:1      | HP: 6/12 [kobold (2)]
   181 | D:1      | HP: 5/13 [kobold (2)]
   190 | D:1      | HP: 2/13 [kobold (1)]
   194 | D:1      | Slain by a kobold

Skill      XL: |  1 |
---------------+----+-----
Axes           | 2 |  2.0
Fighting       | |  2.3
Armour         | |  1.1
Dodging        | |  1.5
Shields        | |  0.4
Spellcasting   | |  2.0
Charms         | |  2.6

Action                   || total
-------------------------++-------
Melee: Hand axe          ||    44
Armor: Leather armour    ||    23
Dodge: Dodged            ||    17
Block: Shield            ||     9

Levels and vault maps discovered:
D:1:      dpeg_arrival_snail, layout_loops_ring
